 Dungeon Crawl Stone Soup version 0.31.0-11-ge490571c62 (webtiles) character file.

Game seed: 5374546669566885378

23040 cdecastro the Eclecticist (level 12, -15/80 HPs)
             Began as a Deep Elf Fire Elementalist on Jan 31, 2024.
             Was a High Priest of Makhleb.
             Demolished by a skeletal warrior
             ... wielding a +0 mace
              (22 damage)
             ... on level 12 of the Dungeon.
             The game lasted 00:52:37 (17119 turns).

cdecastro the Eclecticist (DEFE)                   Turns: 17119, Time: 00:52:38

Health: -15/80     AC: 12    Str: 11    XL:     12   Next: 68%
Magic:  17/33      EV: 17    Int: 26    God:    Makhleb [*****.]
Gold:   1424       SH:  0    Dex: 15    Spells: 28/41 levels left

rFire   + + .        b - staff of fire
rCold   + + +        (no shield)
rNeg    . . .        O - +4 skin of Zhor {*Englaciate rC+++ SInv}
rPois   .            f - +2 hat
rElec   .            e - +2 cloak
rCorr   .            l - +0 pair of gloves
SInv    +            (no boots)
Will    +....        I - amulet of regeneration
Stlth   ++           d - +6 ring of strength
HPRegen 1.13/turn    j - ring of protection from fire
MPRegen 0.23/turn

%: no passive effects
@: slowed, studying Fighting, invisible, very slow
A: no striking features
a: Renounce Religion, Minor Destruction, Lesser Servant of Makhleb, Major
Destruction, Greater Servant of Makhleb


You were on level 12 of the Dungeon.
You worshipped Makhleb.
Makhleb was extremely pleased with you.
You visited 3 branches of the dungeon, and saw 14 of its levels.
You also visited: Ice Cave.

You collected 1424 gold pieces.

Inventory:

Hand Weapons
 a - a +0 orcbow
 N - a +0 whip of electrocution
Armour
 e - a +2 cloak (worn)
 f - a +2 hat (worn)
 l - a +0 pair of gloves (worn)
 O - the +4 skin of Zhor (worn) {*Englaciate rC+++ SInv}
   (You found it on level 7 of the Dungeon)

   *Englaciate: It radiates cold, occasionally slowing all nearby creatures who
   are not resistant to cold.
   rC+++:     It renders you almost immune to cold.
   SInv:      It lets you see invisible.
 U - a scarf of invisibility
Magical Staves
 b - a staff of fire (weapon)
 G - a staff of cold
Jewellery
 d - a +6 ring of strength (left hand)
 j - a ring of protection from fire (right hand)
 u - a ring of wizardry
 I - an amulet of regeneration (around neck)
 V - an amulet of reflection
Talismans
 R - a flux talisman
Wands
 r - a wand of roots (8)
 A - a wand of flame (23)
 C - a wand of digging (7)
 E - a wand of quicksilver (20)
 P - a wand of paralysis (6)
 W - a wand of mindburst (8)
Scrolls
 c - a scroll of summoning {unknown}
 h - 2 scrolls of revelation {unknown}
 n - a scroll of enchant weapon {unknown}
 o - a scroll of noise {unknown}
 v - a scroll of acquirement {unknown}
 x - 4 scrolls of poison {unknown}
 y - a scroll of torment {unknown}
 z - 4 scrolls of vulnerability {unknown}
 B - 2 scrolls of brand weapon {unknown}
 D - a scroll of fog {unknown}
 L - a scroll of blinking {unknown}
 Q - 2 scrolls of immolation {unknown}
 T - a scroll of enchant armour {unknown}
 X - a scroll of amnesia {unknown}
 Z - a scroll of silence {unknown}
Potions
 g - 2 potions of attraction
 m - 3 potions of haste
 s - 2 potions of brilliance
 t - a potion of resistance {unknown}
 w - 2 potions of might
 H - 2 potions of curing
 K - 2 potions of magic
 M - a potion of degeneration {unknown}
 S - a potion of enlightenment {unknown}
 Y - a potion of berserk rage {unknown}
Miscellaneous
 i - a box of beasts


   Skills:
 - Level 11.0 Fighting
 - Level 10.0 Dodging
 - Level 2.4 Stealth
 - Level 15.0 Spellcasting
 - Level 8.0 Conjurations
 - Level 10.0 Fire Magic
 - Level 6.4 Invocations
 + Level 1.0 Evocations


You had 28 spell levels left.
You knew the following spells:

 Your Spells              Type           Power      Damage    Failure   Level
a - Foxfire               Conj/Fire      100%       2x1d9     1%          1
b - Scorch                Fire           100%       2d9       1%          2
c - Inner Flame           Hex/Fire       62%        N/A       1%          3
d - Volatile Blastmotes   Fire/Tloc      100%       2d18      1%          3
e - Flame Wave            Conj/Fire      78%        2d17      1%          4

Your spell library contained the following spells:

 Spells                   Type           Power      Damage    Failure   Level
 Hailstorm                Conj/Ice       40%        3d9       1%          3
 Ensorcelled Hibernation  Hex/Ice        38%        N/A       4%          2
 Ozocubu's Armour         Ice            19%        N/A       9%          3
 Passwall                 Erth           19%        N/A       9%          3
 Swiftness                Air            19%        N/A       9%          3
 Summon Forest            Summ/Tloc      9%         N/A       58%         5
 Summon Mana Viper        Hex/Summ       19%        N/A       58%         5
 Sculpt Simulacrum        Ice/Alch       9%         N/A       99%         6
 Summon Cactus Giant      Summ           9%         N/A       99%         6


Dungeon Overview and Level Annotations

Branches:
Dungeon (12/15)            Temple (1/1) D:5            Lair (0/5) D:8
    Orc (1/2) D:12          IceCv (visited)

Altars:
Ashenzari
Dithmenos
Elyvilon
Fedhas
Gozag
Hepliaklqana
Kikubaaqudgha
Makhleb
Nemelex Xobeh
Okawaru
Qazlal
Ru
Sif Muna
Trog
Uskayaw
Vehumet
Wu Jian
Xom
Yredelemnul
Zin
The Shining One

Shops:
D:6 [

Annotations:
D:6 Eustachio
D:8 2 transporters


Message History

The wraith barely misses you.
The skeletal warrior hits you with a +0 mace.
* * * LOW HITPOINT WARNING * * *
The wraith closely misses you.
Unknown command.
Unknown command.
You radiate an aura of cold.
The skeletal warrior is unaffected.
The wraith is unaffected.
The boulder beetle seems to slow down.
The skeletal warrior misses you. The wraith closely misses you.
The skeletal warrior hits you with a +0 mace!
* * * LOW HITPOINT WARNING * * *
Unknown command.
Unknown command.
Unknown command.
Casting: Flame Wave (mildly dangerous; 1% risk of failure)
Confirm with . or Enter, or press ? or * to list all spells.
Casting: Flame Wave (mildly dangerous; 1% risk of failure)
Press: ? - help, Dir - look around, f - activate You feel a surge of power!
A wave of flame ripples out!
The flame wave engulfs the skeletal warrior but does no damage.
The skeletal warrior is heavily damaged.
The flame wave engulfs the wraith!!
You destroy the wraith!
Makhleb accepts your kill.
You feel better. (Press . to intensify the flame waves.)
The skeletal warrior hits you with a +0 mace!
* * * LOW HITPOINT WARNING * * *
Training target 11.0 for Fighting reached!
Your Fighting skill increases to level 11!
You need to enable at least one skill for training.
Your Evocations skill increases to level 1!
You fade into invisibility!
You radiate an aura of cold.
The skeletal warrior is unaffected.
The boulder beetle seems to slow down.
The skeletal warrior completely misses you.
The skeletal warrior closely misses you.
The boulder beetle curls into a ball and begins rolling!
The skeletal warrior hits you with a +0 mace!!
You die...

##..# #.........##########.#
#..#####...####..# #.#
#...[......# #B.# #.#
#..........# #..# #.#
#..........# #..# #.####
#..........# #..# #.....
#..........# #..# #.....
#..........# #.z# #..###
#....@.....# #@.# #..#
#..........# #..# #..#
...?.....# #..##########..#
W........# #..............#
...>.....####...........>..#
..........)..(.##########..#
.............[)# #..#
#..........#####g# #..#
#B.........# #.# #..#


You could see a boulder beetle (rolling, unable to see you, slow), a skeletal
warrior (unable to see you) and a gnoll (wandering, unable to see you).

Vanquished Creatures
  Fannar (D:10)
  3 two-headed ogres
  A boulder beetle (D:12)
  2 death yaks (D:8)
  Nergalle (D:10)
  Lodul (D:10)
  2 skeletal warriors (D:12)
  Pikel (D:8)
  4 ugly things
  2 cyclopes
  A manticore (D:11)
  2 ice statues (IceCv)
  3 rime drakes (D:7)
  Psyche (D:10)
  4 trolls
  A hornet (D:8)
  2 glass eyes (D:9)
  3 wyverns
  A shadow (D:10)
  8 wraiths
  11 vampire mosquitoes
  13 yaks
  A death yak simulacrum (IceCv)
  A steam dragon (D:9)
  3 acid dragons
  3 water moccasins
  A sky beast (D:6)
  8 orc warriors
  An ice beast (D:7)
  9 ogres (D:10)
  A centaur (D:6)
  3 lemures (D:8)
  A phantom (D:4)
  A kobold brigand (D:8)
  5 gnoll sergeants
  A cane toad simulacrum (IceCv)
  2 scorpions
  An elephant simulacrum (IceCv)
  14 killer bees
  8 howler monkeys
  2 bombardier beetles
  2 hounds
  A jelly (D:7)
  10 orc priests
  3 gnoll boudas
  2 sleepcaps
  11 orc wizards
  A hell rat (D:8)
  34 gnolls
  9 adders
  3 river rats (D:8)
  A shadow imp (D:7)
  2 ufetubi (D:6)
  An adder zombie (D:2)
  An adder skeleton (D:2)
  5 dart slugs
  A ribbon worm (D:2)
  26 orcs
  3 ball pythons
  3 bat skeletons (D:2)
  8 endoplasms
  A giant cockroach (D:2)
  7 goblins
  5 hobgoblins
  5 jackals (D:2)
  5 quokkas
  9 bats
  2 frilled lizards
  14 kobolds
  A quokka skeleton (D:2)
  7 rats
317 creatures vanquished.

Vanquished Creatures (others)
  A shadow (D:9)
  1207 foxfires
1208 creatures vanquished.

Grand Total: 1525 creatures vanquished

Notes
Turn   | Place    | Note
-------+----------+-------------------------------------------
     0 | D:1      | cdecastro the Deep Elf Fire Elementalist began the quest
                  | for the Orb.
     0 | D:1      | Reached XP level 1. HP: 10/10 MP: 6/6
   118 | D:1      | Reached XP level 2. HP: 15/15 MP: 2/8
   765 | D:1      | Reached XP level 3. HP: 19/19 MP: 6/9
  1084 | D:2      | Reached skill level 5 in Fire Magic
  1398 | D:2      | Reached XP level 4. HP: 24/24 MP: 3/10
  1755 | D:1      | Learned a level 2 spell: Scorch
  2767 | D:3      | Found a faded altar of an unknown god.
  2791 | D:3      | Reached XP level 5. HP: 10/28 MP: 6/11
  2902 | D:3      | Prayed at the altar of an unknown god.
  2902 | D:3      | Became a worshipper of Makhleb the Destroyer
  2902 | D:3      | Reached * piety under Makhleb
  3647 | D:4      | Learned a level 3 spell: Inner Flame
  3653 | D:4      | Learned a level 3 spell: Volatile Blastmotes
  3884 | D:4      | Reached XP level 6. HP: 32/32 MP: 4/12
  4705 | D:5      | Entered Level 5 of the Dungeon
  4750 | D:5      | Reached ** piety under Makhleb
  4751 | D:5      | Reached skill level 4 in Spellcasting
  5051 | D:5      | Reached skill level 5 in Spellcasting
  5109 | D:5      | Found a staircase to the Ecumenical Temple.
  5115 | Temple   | Entered the Ecumenical Temple
  5388 | D:5      | Reached XP level 7. HP: 36/36 MP: 12/17
  5624 | D:6      | Reached skill level 6 in Spellcasting
  5833 | D:6      | Reached skill level 7 in Spellcasting
  5951 | D:6      | Reached skill level 8 in Spellcasting
  5956 | D:6      | Learned a level 4 spell: Flame Wave
  6010 | D:6      | Noticed Eustachio
  6227 | D:6      | Reached XP level 8. HP: 41/41 MP: 16/22
  6765 | D:6      | Found Dasama's Antique Armour Emporium.
  6907 | D:7      | Found a radiant altar of Vehumet.
  6919 | D:7      | Found the +4 skin of Zhor {*Englaciate rC+++ SInv}
  6924 | D:7      | Noticed a rime drake
  6932 | D:7      | Noticed a rime drake
  6932 | D:7      | Noticed a rime drake
  7001 | D:7      | Reached skill level 5 in Conjurations
  7626 | D:7      | Killed a rime drake
  7951 | D:7      | Killed a rime drake
  7952 | D:7      | Reached XP level 9. HP: 48/48 MP: 14/23
  8745 | D:8      | Noticed a death yak
  8801 | D:7      | Killed a rime drake
  8802 | D:7      | Reached skill level 5 in Fighting
  8910 | D:8      | Reached *** piety under Makhleb
  8911 | D:8      | Reached skill level 5 in Dodging
  9173 | D:8      | Noticed Pikel
  9193 | D:8      | Killed Pikel
  9246 | D:8      | Noticed a death yak
  9246 | D:8      | Noticed a death yak
  9264 | D:8      | Killed a death yak
  9265 | D:8      | Reached XP level 10. HP: 59/59 MP: 9/24
  9374 | D:8      | Found a staircase to the Lair.
  9471 | D:8      | Found a transporter.
  9564 | D:8      | Noticed a green ugly thing
  9586 | D:8      | Found a transporter.
  9825 | D:8      | Killed a death yak
 10134 | D:9      | Reached skill level 10 in Dodging
 10353 | D:9      | Reached skill level 5 in Invocations
 10535 | D:9      | Reached skill level 9 in Spellcasting
 10624 | D:9      | Found a sacrificial altar of Ru.
 10624 | D:9      | Found a burning altar of Makhleb.
 10626 | D:9      | Found a basalt altar of Yredelemnul.
 10626 | D:9      | Found a bloodstained altar of Trog.
 10743 | D:9      | Found a shadowy altar of Dithmenos.
 11162 | D:9      | Reached skill level 10 in Spellcasting
 11168 | D:9      | Reached **** piety under Makhleb
 11356 | D:9      | Noticed a two-headed ogre
 11366 | D:9      | Killed a two-headed ogre
 11367 | D:9      | Reached skill level 11 in Spellcasting
 11373 | D:9      | Reached XP level 11. HP: 63/63 MP: 14/28
 11776 | D:9      | Reached skill level 12 in Spellcasting
 12162 | D:10     | Entered Level 10 of the Dungeon
 12162 | D:10     | Noticed Nergalle
 12168 | D:10     | Killed Nergalle
 12275 | D:10     | Found a blossoming altar of Fedhas.
 12339 | D:10     | Reached skill level 13 in Spellcasting
 12700 | D:10     | Found an ornate altar of the Wu Jian Council.
 12803 | D:10     | Noticed Lodul
 12810 | D:10     | Killed Lodul
 12811 | D:10     | Reached skill level 14 in Spellcasting
 13111 | D:10     | Noticed Fannar
 13119 | D:10     | Killed Fannar
 13120 | D:10     | Reached skill level 15 in Spellcasting
 13255 | D:10     | Noticed Psyche
 13274 | D:10     | Killed Psyche
 13527 | D:10     | Found a hide-covered altar of Uskayaw.
 13528 | D:10     | Found a stormy altar of Qazlal.
 13530 | D:10     | Found a white marble altar of Elyvilon.
 13710 | D:11     | Noticed a two-headed ogre
 13719 | D:11     | Killed a two-headed ogre
 13846 | D:11     | Noticed a brown ugly thing
 13855 | D:11     | Killed a brown ugly thing
 13885 | D:11     | Reached skill level 10 in Fire Magic
 14048 | D:11     | Reached XP level 12. HP: 67/68 MP: 19/33
 14224 | D:11     | Found a glowing silver altar of Zin.
 14623 | D:12     | Found a frozen archway.
 14637 | IceCv    | Entered an ice cave
 14718 | IceCv    | Found a transporter.
 14735 | IceCv    | Found a transporter.
 15353 | IceCv    | Got Cuomikk's Folio of Hail
 15461 | D:12     | Noticed a boulder beetle
 15475 | D:12     | Noticed a boulder beetle
 15486 | D:12     | Killed a boulder beetle
 15486 | D:12     | Reached ***** piety under Makhleb
 15783 | D:12     | Noticed a two-headed ogre
 15816 | D:12     | Killed a two-headed ogre
 16148 | D:12     | Found a staircase to the Orcish Mines.
 16378 | Orc:1    | Entered Level 1 of the Orcish Mines
 16557 | Orc:1    | Reached skill level 10 in Fighting
 17078 | D:12     | Noticed Josephine
 17117 | D:12     | HP: 3/79 [skeletal warrior/+0 mace (17)]
 17118 | D:12     | Reached skill level 1 in Evocations
 17119 | D:12     | Demolished by a skeletal warrior

Illustrated notes

Levels and vault maps discovered:
D:1:      orjb1_clovarrival, layout_rooms
D:2:      layout_rooms, serial_undead, serial_undead_f, serial_undead_a,
          serial_undead_c, serial_undead_b
D:3:      layout_basic, basic_ecumenical_altar, minmay_checkerbox
D:4:      layout_loops_ring, grunt_decor_mini_mirrors
D:5:      layout_gridville, minmay_temple_entry_hall
D:6:      layout_loops_ring, kennysheep_slug_shrine, serial_shops,
          nicolae_shop_window_shopping, chequers_arboretum, uniq_eustachio
D:7:      layout_basic, nicolae_vehumet_radiance, minmay_misc_feat_diagonals,
          hellmonk_guarded_unrand_zhor
D:8:      layout_rooms, dpeg_lair_monsters, gammafunk_ghost_abyssal_escape,
          uniq_pikel
D:9:      layout_basic, kennysheep_little_box, mainiacjoe_overflow_alcove_3,
          minmay_door_square, onia_ninara_cookie
D:10:     layout_irregular_city, nicolae_overflow_crystal_walls, minitemple,
          david_defended_altar_orc, uniq_fannar, uniq_psyche, uniq_lodul,
          uniq_nergalle
D:11:     layout_rooms, zin_statuary
D:12:     layout_long_grid, orc_0_dummy, portal_ice_cave_entry_pillars_2,
          uniq_josephine
Temple:   nicolae_temple_bog_church
Orc:1:    layout_caves, nicolae_orc_seminary

Skill      XL: |  1  2  3  4  5  6  7  8  9 10 11 12 |
---------------+-------------------------------------+-----
Fire Magic     | 4 5 6 7 8 10 | 10.0
Spellcasting   | 5 8 11 15 | 15.0
Conjurations   | 3 8 |  8.0
Fighting       | 2 5 11 | 11.0
Dodging        | 8 10 | 10.0
Invocations    | 5 6 |  6.4
Evocations     | 1 |  1.0
Stealth        | |  2.4

Action                     |  1- 3 |  4- 6 |  7- 9 | 10-12 || total
---------------------------+-------+-------+-------+-------++-------
  Melee: Dagger            |       |   687 |       |       ||   687
         Punch             |       |     4 |       |       ||     4
         Staff             |       |       |       |     5 ||     5
   Fire: Orcbow            |       |    21 |     4 |       ||    25
   Cast: Foxfire           |    91 |    95 |   171 |   331 ||   688
         Scorch            |       |    22 |    50 |   131 ||   203
         Volatile Blastmot |       |     1 |     5 |    38 ||    44
         Inner Flame       |       |       |     6 |    15 ||    21
         Flame Wave        |       |       |     1 |    42 ||    43
    Use: Scroll            |       |       |     7 |     8 ||    15
         Potion            |       |       |       |     7 ||     7
   Stab: Distracted        |       |       |       |     1 ||     1
 Armour: Robe              |     9 |    16 |    55 |       ||    80
         Animal skin       |       |       |     5 |   163 ||   168
         Skin              |       |       |       |     4 ||     4
  Dodge: Dodged            |     4 |    24 |    67 |   132 ||   227
